 Dungeon Crawl Stone Soup version 0.29.1-12-g30fa7ad0bf (webtiles) character file.

Game seed: 17857203064639227036

24591 croobank the Destroyer (level 12, -1/138 HPs)
             Began as a Demonspawn Conjurer on Dec 21, 2022.
             Was an Initiate of Gozag.
             Slain by a yak (4 damage)
             ... on level 11 of the Dungeon.
             The game lasted 01:06:39 (16506 turns).

croobank the Destroyer (Demonspawn Conjurer)       Turns: 16506, Time: 01:06:39

Health: -1/138     AC: 13    Str:  7    XL:     12   Next: 82%
Magic:  18/24      EV: 13    Int: 32    God:    Gozag
Gold:   1498       SH:  5    Dex: 11    Spells: 12/27 levels left

rFire   + + +      SeeInvis +   n - +1 rapier of Fee Simple {spect, rPois rF+++ rC- SInv}
rCold   . . .      Faith    .   r - +2 buckler {rC+}
rNeg    . . .      Spirit   .   T - +0 troll leather armour
rPois   +          Reflect  .   g - +0 helmet
rElec   .          Harm     .   h - +2 cloak
rCorr   .          Rampage  .   J - +0 pair of gloves
Will    .....                   y - +1 pair of boots
Stlth   ..........              N - amulet of regeneration
HPRegen 1.93/turn               w - +6 ring of intelligence
MPRegen 0.19/turn               O - ring of wizardry

@: berserking, very quick
A: hooves 1, icy blue scales 1, ignite blood 2, powered by death 2
a: Renounce Religion, Potion Petition, Call Merchant, Bribe Branch


You were on level 11 of the Dungeon.
You worshipped Gozag.
Gozag was most pleased with you.
You visited 3 branches of the dungeon, and saw 16 of its levels.
You also visited: Sewer and Ice Cave.

You collected 1998 gold pieces.
You paid 500 gold pieces to Gozag.

Inventory:

Hand Weapons
 c - a +6 dagger of venom
 m - a +4 vorpal quarterstaff
 n - the +1 rapier of Fee Simple (weapon) {spect, rPois rF+++ rC- SInv}
   (You found it in a sewer)

   When its wielder attacks, the weapon's spirit leaps out and strikes again.
   The spirit shares a part of any damage it takes with its wielder.
   rF:        It renders you almost immune to fire.
   rC:        It makes you vulnerable to cold.
   rPois:     It protects you from poison.
   SInv:      It lets you see invisible.
Missiles
 e - 2 atropa-tipped darts (quivered)
 q - 2 silver boomerangs
 t - 6 curare-tipped darts
 R - 13 javelins
Armour
 d - an orb of light
 g - a +0 helmet (worn)
 h - a +2 cloak (worn)
 r - a +2 buckler of cold resistance (worn)
 y - a +1 pair of boots (worn)
 G - +0 steam dragon scales
 J - a +0 pair of gloves (worn)
 T - a +0 troll leather armour (worn)
Jewellery
 w - a +6 ring of intelligence (left hand)
 z - a ring of poison resistance
 C - a ring of willpower
 M - an amulet of reflection
 N - an amulet of regeneration (around neck)
 O - a ring of wizardry (right hand)
 V - a ring of wizardry
Wands
 i - a wand of charming (9)
 p - a wand of digging (4)
 D - a wand of iceblast (7)
 W - a wand of mindburst (7)
Scrolls
 f - a scroll of acquirement {unknown}
 v - a scroll of identify
 A - 4 scrolls of noise
 B - a scroll of immolation {unknown}
 E - a scroll of blinking
 I - 2 scrolls of amnesia
 K - a scroll of poison
 Q - 4 scrolls of teleportation
 U - a scroll of vulnerability
 X - a scroll of silence
Potions
 a - a potion of ambrosia
 b - 2 potions of magic
 j - 3 potions of lignification
 l - 7 potions of might
 o - 7 potions of curing
 s - a potion of haste
 u - 2 potions of brilliance
 x - 6 potions of mutation
 L - a potion of attraction
Miscellaneous
 S - a lightning rod (4/4)


   Skills:
 + Level 7.9 Fighting
 + Level 7.9 Dodging
 + Level 8.5 Stealth
 + Level 8.0 Spellcasting
 + Level 9.5 Conjurations
 + Level 8.1 Hexes
 + Level 7.2 Translocations
 + Level 2.9 Fire Magic


You had 12 spell levels left.
You knew the following spells:

 Your Spells              Type           Power      Damage    Failure   Level
a - Magic Dart            Conj           100%       1d8       1%          1
b - Searing Ray           Conj           100%       2d8       1%          2
c - Dazzling Flash        Conj/Hex       100%       N/A       1%          3
d - Iskenderun's Mystic   Conj/Tloc      61%        2d13      1%          4
e - Fireball              Conj/Fire      25%        3d11      7%          5

Your spell library contained the following spells:

 Spells                   Type           Power      Damage    Failure   Level
 Shock                    Conj/Air       100%       1d9       1%          1
 Static Discharge         Conj/Air       43%        3-9/arc   1%          2
 Portal Projectile        Hex/Tloc       100%       N/A       1%          3
 Tukima's Dance           Hex            59%        N/A       1%          3
 Fulminant Prism          Conj/Hex       31%        3d16      1%          4
 Iskenderun's Battlesphe  Conj           65%        2d11      1%          5
 Leda's Liquefaction      Hex/Erth       19%        N/A       6%          4
 Swiftness                Air            12%        N/A       9%          3
 Lightning Bolt           Conj/Air       21%        1d36      12%         5
 Airstrike                Air            6%         2d(1-17)  28%         4
 Orb of Destruction       Conj           32%        9d10      45%         7
 Conjure Ball Lightning   Conj/Air       21%        3x3d6     52%         6
 Blade Hands              Tmut           6%         N/A       61%         5
 Lee's Rapid Deconstruct  Erth           6%         3d7*      61%         5
 Statue Form              Tmut/Erth      8%         N/A       98%         6
 Maxwell's Capacitive Co  Air            6%         ∞         100%        8


Dungeon Overview and Level Annotations

Branches:
Dungeon (14/15)            Temple (1/1) D:4            Lair (1/5) D:11
    Orc (0/2) D:12          Sewer (visited)           IceCv (visited)
 Vaults: D:13-14

Altars:
Ashenzari
Cheibriados
Dithmenos
Fedhas
Gozag
Hepliaklqana
Kikubaaqudgha
Makhleb
Nemelex Xobeh
Okawaru
Qazlal
Ru
Sif Muna
Trog
Uskayaw
Vehumet
Wu Jian
Xom
Yredelemnul
Lugonu

Portals:
Abyss: D:6

Annotations:
D:6 2 runed translucent doors
D:9 3 runed translucent doors, SirLogeyBear's ghost, novice HOBe


Innate Abilities, Weirdness & Mutations

You have large cloven feet.
You are partially covered in icy blue scales. (AC +2)
Your demonic aura often causes spilled blood to erupt in flames.
You regenerate health from kills.


Message History

The yak misses you.
Okay, then.
Casting: Fireball (dangerous; 7% risk of failure)
Confirm with . or Enter, or press ? or * to list all spells.
Casting: Dazzling Flash (safe; 1% risk of failure)
Press: ? - help, Dir - look around, f - activate The polar bear is dazzled.
The polar bear misses you.
The polar bear claws you but does no damage.
The polar bear claws you.
* * * LOW HITPOINT WARNING * * *
The yak gores you.
* * * LOW HITPOINT WARNING * * *
Casting: Dazzling Flash (safe; 1% risk of failure)
Confirm with . or Enter, or press ? or * to list all spells.
Casting: Dazzling Flash (safe; 1% risk of failure)
Press: ? - help, Dir - look around, f - activate The yak is dazzled.
The polar bear is dazzled.
The polar bear misses you.
The polar bear claws you but does no damage.
You block the polar bear's attack. The yak gores you!
* * * LOW HITPOINT WARNING * * *
A red film seems to cover your vision as you go berserk!
You feel yourself moving faster!
You feel mighty! The polar bear barely misses you.
The polar bear claws you but does no damage.
The polar bear closely misses you. The yak gores you but does no damage.
You hit the yak.
The yak is heavily wounded.
The polar bear barely misses you. The polar bear closely misses you.
You block the polar bear's attack. The yak gores you!
* * * LOW HITPOINT WARNING * * *
You catch the helpless yak completely off-guard!
You puncture the yak!
The yak is severely wounded.
The polar bear bites you!
* * * LOW HITPOINT WARNING * * *
The polar bear claws you but does no damage.
The polar bear closely misses you.
The yak is engulfed in blazing flames.
The yak gores you.
You die...
Your body crumbles into a pile of gold.

.#......## #......##### #####
..####### #.#....# # #.# #.###..#
### #.####### ###.###..### #..
........#####..........# #.#
........#.....##.......# #####.#
.....>.................# #......
...........################......
........##....Yh@Y...............
........###################......
.....[..# ####### #########


You could see a polar bear (blind) and 2 yaks.

Vanquished Creatures
  2 boulder beetles (D:13)
  4 two-headed ogres
  2 centaur warriors (D:13)
  2 deep elf pyromancers
  3 cyclopes
  5 ugly things
  2 manticores
  Maggie (D:7)
  2 ice statues (IceCv)
  2 gargoyles
  A kobold demonologist (D:10)
  7 trolls
  3 hornets
  A jumping spider (shapeshifter) (D:12)
  A shadow (D:10)
  4 wyverns
  4 wraiths
  23 yaks
  3 steam dragons
  4 vampire mosquitoes
  Menkaure (D:6)
  2 acid dragons
  A hydra simulacrum (IceCv)
  5 water moccasins
  6 orc warriors
  2 sky beasts
  An ice beast (D:7)
  2 black bears
  A swamp drake (D:12)
  3 ogres
  7 centaurs
  6 kobold brigands
  2 bullfrogs
  2 necrophages
  2 gnoll sergeants
  5 scorpions
  A cane toad simulacrum (IceCv)
  An elephant simulacrum (IceCv)
  6 howler monkeys
  5 jellies
  3 hounds (D:6)
  6 orc priests
  A gnoll bouda (D:8)
  5 iguanas
  Natasha (twice) (D:3)
  10 orc wizards
  A polar bear simulacrum (IceCv)
  A wolf simulacrum (IceCv)
  12 adders
  25 gnolls
  6 river rats
  2 shadow imps
  13 white imps
  2 ufetubi
  3 worms
  4 dart slugs
  40 orcs
  6 endoplasms
  A giant cockroach (D:2)
  7 goblins
  9 hobgoblins
  29 kobolds
  2 quokkas (D:2)
  14 ball pythons
  8 bats
  6 frilled lizards
  25 rats
380 creatures vanquished.

Vanquished Creatures (others)
  A bullfrog (D:6)
  An orc (D:9)
  2 fungi (D:9)
  38 plants (D:9)
42 creatures vanquished.

Grand Total: 422 creatures vanquished

Notes
Turn   | Place    | Note
-------+----------+-------------------------------------------
     0 | D:1      | croobank the Demonspawn Conjurer began the quest for the
                  | Orb.
     0 | D:1      | Reached XP level 1. HP: 13/13 MP: 3/3
   602 | D:1      | Gained mutation: Your demonic aura sometimes causes spilled
                  | blood to erupt in flames. [demonic ancestry]
   602 | D:1      | Reached XP level 2. HP: 19/19 MP: 5/5
   728 | D:1      | Learned a level 2 spell: Searing Ray
  1156 | D:2      | Found a faded altar of an unknown god.
  1310 | D:2      | Reached XP level 3. HP: 20/24 MP: 1/6
  1315 | D:2      | Learned a level 3 spell: Dazzling Flash
  1721 | D:2      | Found a burning altar of Makhleb.
  2088 | D:2      | Gained mutation: Your demonic aura often causes spilled
                  | blood to erupt in flames. [demonic ancestry]
  2088 | D:2      | Reached XP level 4. HP: 30/30 MP: 2/7
  2838 | D:3      | Noticed Natasha
  2843 | D:3      | Killed Natasha
  2844 | D:3      | Reached XP level 5. HP: 28/35 MP: 2/9
  2911 | D:3      | Learned a level 4 spell: Iskenderun's Mystic Blast
  3460 | D:3      | Noticed Natasha
  3463 | D:3      | Killed Natasha
  4153 | D:4      | Found a staircase to the Ecumenical Temple.
  4234 | D:4      | Gained mutation: You regenerate a little health from kills.
                  | [demonic ancestry]
  4234 | D:4      | Reached XP level 6. HP: 42/42 MP: 4/10
  4359 | D:5      | Entered Level 5 of the Dungeon
  4409 | D:5      | Reached skill level 1 in Fighting
  4409 | D:5      | Reached skill level 1 in Hexes
  4420 | D:5      | Reached skill level 1 in Translocations
  4463 | D:5      | Reached skill level 5 in Conjurations
  4720 | D:5      | Found a glowing drain.
  4728 | Sewer    | Entered a sewer
  4850 | Sewer    | Reached XP level 7. HP: 46/48 MP: 3/12
  4918 | Sewer    | Identified the +1 rapier of Fee Simple {spect, rPois rF+++
                  | rC- SInv}
  6304 | D:6      | Gained mutation: You are partially covered in icy blue
                  | scales. (AC +2) [demonic ancestry]
  6304 | D:6      | Reached XP level 8. HP: 57/57 MP: 9/14
  6376 | D:6      | Found a bloodstained altar of Trog.
  6376 | D:6      | Found a broken altar of Ashenzari.
  6397 | D:6      | Noticed Menkaure
  6403 | D:6      | Noticed a hornet
  6405 | D:6      | Killed Menkaure
  6421 | D:6      | Killed a hornet
  6437 | D:6      | Reached skill level 6 in Conjurations
  6635 | D:6      | Found a one-way gate to the infinite horrors of the Abyss.
  6665 | D:6      | Found a hazy altar of Hepliaklqana.
  6840 | D:6      | Reached XP level 9. HP: 64/64 MP: 11/16
  6871 | D:6      | Identified the +1 leather armour of Vyisech {*Slow rN+
                  | Int+4 Slay+2}
  6969 | D:6      | Found a shimmering altar of Xom.
  7070 | D:6      | Reached skill level 5 in Stealth
  7687 | D:6      | Found a large runed translucent door.
  7687 | D:6      | Found a large runed translucent door.
  7687 | D:6      | Found a corrupted altar of Lugonu.
  7890 | D:7      | Noticed Maggie
  7900 | D:7      | Killed Maggie
  7901 | D:7      | Reached skill level 5 in Dodging
  7901 | D:7      | Reached skill level 5 in Spellcasting
  8706 | D:7      | Reached skill level 7 in Conjurations
  9204 | D:8      | Gained mutation: You have large cloven feet. [demonic
                  | ancestry]
  9204 | D:8      | Reached XP level 10. HP: 73/73 MP: 18/18
  9243 | D:8      | Reached skill level 5 in Hexes
  9281 | D:8      | Reached skill level 5 in Fighting
 10479 | D:9      | Found a runed translucent gate.
 10480 | D:9      | Found a runed translucent gate.
 10481 | D:9      | Found a runed translucent gate.
 10481 | D:9      | Noticed SirLogeyBear's ghost (novice HOBe)
 10649 | D:9      | Reached skill level 5 in Translocations
 10899 | D:9      | Noticed a two-headed ogre
 11010 | Temple   | Entered the Ecumenical Temple
 11014 | Temple   | Became a worshipper of Gozag Ym Sagoz the Greedy
 11188 | D:9      | Killed a two-headed ogre
 11449 | D:9      | Gained mutation: You regenerate health from kills. [demonic
                  | ancestry]
 11449 | D:9      | Reached XP level 11. HP: 57/81 MP: 20/20
 11631 | D:9      | Identified the +1 robe of the Tuna {Harm rElec rN++ Dex-4}
 11700 | D:10     | Entered Level 10 of the Dungeon
 11700 | D:10     | Noticed a deep elf pyromancer
 11706 | D:10     | Killed a deep elf pyromancer
 11707 | D:10     | Reached skill level 8 in Conjurations
 12714 | D:11     | Noticed a sixfirhy
 12862 | D:11     | Noticed a two-headed ogre
 12883 | D:11     | Noticed a soul eater
 12931 | D:10     | Killed a two-headed ogre
 13069 | D:11     | Found a staircase to the Lair.
 13127 | D:11     | Found a frozen archway.
 13191 | IceCv    | Entered an ice cave
 13191 | IceCv    | Noticed a white ugly thing
 13205 | IceCv    | Killed a white ugly thing
 13214 | IceCv    | Learned a level 5 spell: Fireball
 13223 | IceCv    | Found a transporter.
 13227 | IceCv    | Noticed a white ugly thing
 13240 | IceCv    | Found a transporter.
 13267 | IceCv    | Killed a white ugly thing
 13711 | D:12     | Reached XP level 12. HP: 91/91 MP: 22/22
 14120 | D:12     | Noticed a two-headed ogre
 14127 | D:12     | Reached skill level 9 in Conjurations
 14130 | D:12     | Killed a two-headed ogre
 14131 | D:12     | Reached skill level 1 in Fire Magic
 14590 | D:12     | Found a staircase to the Orcish Mines.
 14917 | D:13     | Noticed a centaur warrior
 14983 | D:13     | Killed a centaur warrior
 15181 | D:13     | Noticed a two-headed ogre
 15187 | D:13     | Killed a two-headed ogre
 15294 | D:13     | Noticed a centaur warrior
 15306 | D:13     | Killed a centaur warrior
 15697 | D:13     | Noticed a boulder beetle
 15712 | D:13     | Killed a boulder beetle
 15918 | D:13     | Noticed a boulder beetle
 15932 | D:13     | Killed a boulder beetle
 16231 | Lair:1   | Entered Level 1 of the Lair of Beasts
 16506 | D:11     | HP: 3/138 [polar bear (11)]
 16506 | D:11     | Slain by a yak

Illustrated notes

Levels and vault maps discovered:
D:1:      dpeg_arrival_rhombi, layout_loops_ring
D:2:      layout_basic, serial_glass, glass_columns_a, glass_columns_c,
          shapermc_ecumenical_altar_starsandcircs, basic_altar
D:3:      layout_basic, tso_altar, minmay_cupped, uniq_natasha
D:4:      layout_rooms, minmay_temple_entry_junction, kennysheep_generic_room_12
D:5:      layout_rooms, lightli_sewer_entry_pipes, serial_bayou_pond_b,
          chequers_serial_rivers_marsh, kennysheep_doodads
D:6:      due_chaos_kobolds, layout_loops_ring, xom_confusion_cloud,
          grunt_temple_overflow_open, worldfamousw_hep_ancestral_shrine,
          uniq_menkaure
D:7:      layout_gridville, kennysheep_generic_room_6, uniq_maggie
D:8:      layout_gridville
D:9:      layout_roguey, serial_bayou, serial_bayou_pond_d,
          serial_bayou_crossing, serial_bayou_lagoon_a, serial_bayou_pond_e,
          gammafunk_ghost_nasty_kobolds
D:10:     layout_long_grid
D:11:     layout_rooms, lair_entry_dummy, portal_ice_cave_entry_imps
D:12:     layout_basic, erik_orc_1
D:13:     due_megacathedral, layout_loops_ring
D:14:     layout_loops_ring, david_vaults_2, serial_shops,
          nicolae_shop_statue_plus, nicolae_elevator_lobby_asterisk,
          special_room [special_room_orc], st_stairs_2
Temple:   sentei_temple_godly_chess
Lair:1:   layout_gridlike, uniq_joseph

Skill      XL: |  1  2  3  4  5  6  7  8  9 10 11 12 |
---------------+-------------------------------------+-----
Dodging        | 2 3 4 5 6 7 |  7.9
Stealth        | 2 3 4 5 6 7 8 |  8.5
Spellcasting   | 3 4 5 6 7 8 |  8.0
Fighting       | 1 2 3 4 5 7 |  7.9
Hexes          | 1 2 3 4 6 7 8 |  8.1
Translocations | 1 2 3 4 5 6 7 |  7.2
Conjurations   | 5 6 7 8 9 |  9.5
Fire Magic     | 2 |  2.9

Action                   |  1- 3 |  4- 6 |  7- 9 | 10-12 || total
-------------------------+-------+-------+-------+-------++-------
Melee: Dagger            |     5 |    23 |       |    54 ||    82
       Punch             |       |     3 |     1 |    15 ||    19
       Rapier            |       |       |   135 |   460 ||   595
Throw: Dart              |       |       |       |     2 ||     2
       Throwing net      |       |       |       |     2 ||     2
 Cast: Magic Dart        |    57 |    88 |    46 |    12 ||   203
       Searing Ray       |     8 |    23 |    46 |    28 ||   105
       Dazzling Flash    |       |     1 |     2 |    13 ||    16
       Iskenderun's Myst |       |       |     1 |     4 ||     5
       Fireball          |       |       |       |    10 ||    10
Invok: Potion Petition   |       |       |       |     1 ||     1
Evoke: Wand              |       |       |       |     4 ||     4
  Use: Scroll            |       |     8 |     5 |    12 ||    25
       Potion            |       |     1 |     1 |    15 ||    17
 Stab: Sleeping          |     2 |       |     5 |     6 ||    13
       Invisible         |       |       |     1 |     7 ||     8
       Distracted        |       |       |       |     1 ||     1
Armor: Robe              |     4 |    11 |    59 |       ||    74
       Steam dragon scal |       |       |    24 |    57 ||    81
       Troll leather arm |       |       |       |   279 ||   279
Dodge: Dodged            |    12 |    32 |   125 |   492 ||   661
Block: Buckler           |       |       |       |    62 ||    62
